 Dungeon Crawl Stone Soup version 0.20.1-1-g8b1a95d (webtiles) character file.

229 keltmir the Changer (level 5, -1/40 HPs)
             Began as a Draconian Transmuter on Nov 1, 2017.
             Slain by Grinder (5 damage)
             ... while paralysed by Grinder
             ... on level 4 of the Dungeon.
             The game lasted 00:18:08 (4597 turns).

keltmir the Changer (Draconian Transmuter)          Turns: 4597, Time: 00:18:08

Health: -1/40      AC:  2    Str: 13    XL:     5   Next: 71%
Magic:  6/8        EV:  5    Int: 14    God:
Gold:   131        SH:  0    Dex: 16    Spells: 4/8 levels left

rFire    . . .     SeeInvis .     - Unarmed
rCold    . . .     Gourm    .   (shield currently unavailable)
rNeg     . . .     Faith    .   (armour unavailable)
rPois    x         Spirit   .   (helmet currently unavailable)
rElec    .         Reflect  .   (cloak currently unavailable)
rCorr    .         Harm     .   (gloves currently unavailable)
MR       .....                  (boots currently unavailable)
Stlth    +.........             (no amulet)
Regen    0.2/turn               (no ring)
MPRegen  0.2/turn               (no ring)

@: paralysed, spider-form (expiring)
A: unfitting armour, AC +5
a: End Transformation


You were on level 4 of the Dungeon.
You were not hungry.
You were a venomous arachnid creature.
You visited 1 branch of the dungeon, and saw 4 of its levels.

You collected 131 gold pieces.

Inventory:

Missiles
 a - 36 arrows
 f - a throwing net (quivered)
Scrolls
 i - a scroll of enchant armour {unknown}
 l - a scroll of amnesia
 n - a scroll of noise {unknown}
 p - a scroll of remove curse {unknown}
 q - a scroll of teleportation
 r - a scroll of blinking {unknown}
 s - a scroll of fear {unknown}
Potions
 d - a potion of ambrosia {unknown}
 e - a potion of haste {unknown}
 h - 2 potions of invisibility {unknown}
 k - 2 potions of curing
 o - a potion of agility
 t - 2 potions of flight {unknown}
Books
 b - a book of Changes

   Spells                             Type                      Level
   a - Beastly Appendage              Transmutation                1
   b - Sticks to Snakes               Transmutation                2
   c - Spider Form                    Transmutation/Poison         3
   d - Ice Form                       Ice/Transmutation            4
   e - Blade Hands                    Transmutation                5
Comestibles
 c - 2 bread rations
 g - 3 royal jellies
 j - 2 meat rations
 m - a fruit


   Skills:
 - Level 1.1 Fighting
 - Level 1.7 Dodging
 - Level 3.0 Unarmed Combat
 - Level 2.0 Spellcasting
 * Level 6.1 Transmutations


You had 4 spell levels left.
You knew the following spells:

 Your Spells              Type           Power        Failure   Level  Hunger
a - Beastly Appendage     Tmut           ###...       8%          1    ##.....
b - Spider Form           Tmut/Pois      #.........   41%         3    ####...


Dungeon Overview and Level Annotations

Branches:
Dungeon (4/15)
 Temple: D:4-7

Altars:
Qazlal
Ru
Xom
Zin

Annotations:
D:4 Grinder


Innate Abilities, Weirdness & Mutations

((Your plain brown scales are hard. (AC +5)))
You cannot fit into any form of body armour.
((You are cold-blooded and may be slowed by cold attacks.))


Message History

You resist with significant effort.
You hit Grinder but do no damage. Grinder gestures at you.
You suddenly lose the ability to move!
Grinder hits you!
Grinder blinks!
You can move again.
Grinder hits you.
You writhe in agony.
You barely miss Grinder. Grinder hits you.
You barely miss Grinder.
Grinder blinks!
Your transformation is almost over.
Grinder gestures at you.
You suddenly lose the ability to move!
Grinder gestures at you. Pain shoots through your body!
* * * LOW HITPOINT WARNING * * *
Grinder hits you!
* * * LOW HITPOINT WARNING * * *
You writhe in agony.
You die...

[........# ##
.........# ##.#
.........###....#
(........##..#.########
............#..#......
.<.......###..##....#
.............# #....#
..<.[........# #.5.##
.............###s...# .
................###.# #
#.# #.......#...##..#
#.# .#$$.#
##.....##...#..##
#.####...#
##########.....
##.......#
#..##..#.....##...#
#.#......###5.# .#
#.#.##.## ##.# #.#.##.#
...


You could see Grinder.

Vanquished Creatures
  A hound (D:4)
  An orc priest (D:3)
  An orc wizard (D:3)
  Jessica (D:2)
  An adder (D:2)
  An ooze (D:1)
  An adder skeleton (D:4)
  2 worms
  3 dart slugs
  A leopard gecko (D:1)
  15 orcs
  2 giant cockroaches
  6 goblins
  13 hobgoblins
  A quokka (D:3)
  5 bats
  8 frilled lizards
  A jackal skeleton (D:4)
  7 kobolds
  5 rats
76 creatures vanquished.

Notes
Turn   | Place    | Note
-------+----------+-------------------------------------------
     0 | D:1      | keltmir the Draconian Transmuter began the quest for the Orb.
     0 | D:1      | Reached XP level 1. HP: 16/16 MP: 3/3
   375 | D:1      | Reached XP level 2. HP: 22/23 MP: 5/5
   388 | D:1      | Reached skill level 3 in Transmutations
   409 | D:2      | Noticed Jessica
   942 | D:2      | Killed Jessica
   942 | D:2      | Reached skill level 4 in Transmutations
   942 | D:2      | Reached XP level 3. HP: 19/28 MP: 4/6
  1046 | D:1      | Learned a level 3 spell: Spider Form
  1388 | D:2      | Found a faded altar of an unknown god.
  1544 | D:2      | Reached XP level 4. HP: 32/35 MP: 5/7
  1623 | D:2      | Found a stormy altar of Qazlal.
  1652 | D:2      | Found a sacrificial altar of Ru.
  1777 | D:2      | Found a glowing silver altar of Zin.
  1856 | D:2      | Found a shimmering altar of Xom.
  1857 | D:2      | Found a shimmering altar of Xom.
  1860 | D:2      | Found a shimmering altar of Xom.
  2818 | D:4      | Noticed an ogre
  3037 | D:3      | Reached skill level 5 in Transmutations
  3037 | D:3      | Reached XP level 5. HP: 23/40 MP: 1/8
  4010 | D:3      | Reached skill level 6 in Transmutations
  4570 | D:4      | Noticed Grinder
  4585 | D:4      | Paralysed by Grinder for 3 turns
  4593 | D:4      | Paralysed by Grinder for 7 turns
  4597 | D:4      | Slain by Grinder

Skill      XL: |  1  2  3  4  5 |
---------------+----------------+-----
Transmutations | 4 5 6 |  6.1
Fighting       | |  1.1
Dodging        | |  1.7
Unarmed Combat | |  3.0
Spellcasting   | |  2.0

Action                   |  1- 3 |  4- 6 || total
-------------------------+-------+-------++-------
Melee: Unarmed           |    93 |   147 ||   240
       Kick              |     9 |       ||     9
       Tailslap          |     9 |     5 ||    14
       Punch             |     1 |     2 ||     3
       Headbutt          |     1 |     1 ||     2
 Cast: Beastly Appendage |     6 |     2 ||     8
       Spider Form       |       |    19 ||    19
  Use: Scroll            |     1 |     4 ||     5
 Stab: Sleeping          |     1 |       ||     1
  Eat: Chunk             |     2 |     6 ||     8
       Bread ration      |       |     1 ||     1
       Royal jelly       |       |     1 ||     1
Armor: Skin              |    24 |    17 ||    41
Dodge: Dodged            |    43 |   107 ||   150
